wizbiz, neutral female human Wizard ----- $ ############..<.| $ $ ---------------- # |...-#### $ --------- |...............#############.eod| # $ ++.....[[| |..............| # |.)o%############### |.......| |...............## |..q| # ########################........| |..............| ---|- ### #--------# |*......| --------------.- # # #|.{....|# ----|---- # ######### $ ### ###|......|# # # # # #...^...|# ### # ## $ ### |.......### # -.--.- # $ -------- # ########### |.....############### ### ### -.---------- |..._| # ---|------------ # |..........| * |.^..| $ $ ##...............| ##...........| ------ $ |>.............| |..........| |..............| $ $ ------------ ---------------- $ wizbiz the Thaumaturge Experience level: 7 Strength: 10 Dexterity: 10 Constitution: 18 Intelligence: 15 Wisdom: 13 Charisma: 12 Health: 0(58) Energy: 22(88) Def: 4 Gold: 867 Moves: 8574 Dungeon seed: nCpWBbLOmKTtDXjb Game ID: wizbiz_1525805766 Your Inventory: Coins $ - 867 gold pieces Weapons J - the rustproof +0 Magicbane (weapon in hand) L - a +0 dwarvish spear (in quiver) V - 2 +0 daggers Armor e - an uncursed +0 cloak of magic resistance (being worn) z - an uncursed +0 leather armor (being worn) D - an uncursed +0 pair of elven boots (being worn) Comestibles I - 3 uncursed food rations Scrolls p - a blessed scroll of create monster C - an uncursed scroll of destroy armor H - an uncursed scroll of taming U - 2 uncursed scrolls of earth Z - a cursed scroll of confuse monster Spellbooks l - a blessed spellbook of force bolt m - an uncursed spellbook of identify w - an uncursed spellbook of restore ability x - an uncursed spellbook of magic missile B - an uncursed spellbook of create monster Potions g - a blessed potion of levitation j - an uncursed potion of object detection o - a cursed potion of restore ability G - an uncursed potion of hallucination T - an uncursed potion of healing Rings c - an uncursed ring of protection from shape changers (on left hand) d - an uncursed ring of invisibility (on right hand) v - an uncursed ring of warning R - an uncursed ring of free action Y - an uncursed ring of levitation Wands b - a wand of digging (0:4) S - a wand of probing (0:8) X - a wand of digging (0:6) Tools n - a magic marker (0:54) t - a blessed tallow candle (0:200) u - a +0 unicorn horn E - an uncursed lock pick M - an uncursed skeleton key P - 5 uncursed tallow candles (0:200) W - an uncursed tin opener Gems q - an uncursed worthless piece of black glass r - an uncursed fluorite stone y - 2 uncursed worthless pieces of red glass N - an uncursed turquoise stone Spells and supernatural/magical abilities: Name Level Category Fail Memory a - force bolt 1 attack 0% 58% l - light 1 divination 0% 96% m - magic missile 2 attack 0% 64% B - cure blindness 2 healing 65% 84% E - detect food 2 divination 65% 84% I - identify 3 divination 99% 58% O - create monster 2 clerical 65% 99% R - restore ability 4 healing 100% 97% W - pray for help -- divine ? -- Your skills at the end: Fighting Skills Weapon Skills quarterstaff [Skilled] Spellcasting Skills attack spells [Skilled] enchantment spells [Basic] Final Attributes: You were piously aligned. You were magic-protected. You were invisible. You were stealthy. You were protected from shape changers. Thoth was angry with you. You are dead. Vanquished creatures: 5 wolves a leprechaun a giant spider a dingo 2 dwarf lords a blue jelly a black unicorn a raven a human zombie a rope golem 2 fire ants a water nymph 2 mountain nymphs 2 Mordor orcs 2 Uruk-hai 2 orc shamans 2 ponies 2 yellow lights a shrieker a gnome lord a guardian naga hatchling a gray ooze 2 elf zombies a baby crocodile a giant ant a little dog a floating eye a kitten a dwarf a homunculus a kobold shaman 8 hill orcs 2 rothes 2 giant bats 2 orc zombies a dwarf zombie 3 wererats 3 iguanas an acid blob 2 gas spores 4 hobbits a large kobold 2 hobgoblins 3 giant rats 7 cave spiders a gnome 5 garter snakes 5 gnome zombies 8 geckos 9 jackals 2 kobolds 3 goblins 10 sewer rats 11 grid bugs 2 bats 6 lichens 2 kobold zombies 7 newts 156 creatures vanquished. Voluntary challenges: You had been an atheist until turn 1871. You used a wielded weapon 136 times, starting on turn 466. You read items or engraved 32 times, starting on turn 1273. You never genocided any monsters. You never polymorphed an object. You never changed form. You used no wishes. You never split a pudding. You never wrote Elbereth's name. You violated your moral code, losing 57 points of alignment, starting on turn 3109. Dungeon overview: The Dungeons of Doom: levels 1 to 8 Level 1 an altar to Anhur, a fountain a long staircase Level 2 Level 3 a general store, some fountains stairs to The Gnomish Mines Level 4 <- You were here some altars to Ptah and Thoth, a fountain Level 5 a fountain Level 6 some fountains Level 7 many fountains Level 8 a fountain stairs to Sokoban The Gnomish Mines: Level 4 stairs to The Dungeons of Doom Sokoban: levels 5 to 7 Level 5 Level 6 Level 7 stairs to The Dungeons of Doom History has recorded: On T:1 you entered the Dungeons of Doom to retrieve the Amulet of Yendor! On T:556 you advanced to experience level 2. On T:621 you reached level 2 of The Dungeons of Doom. On T:1033 you reached level 3 of The Dungeons of Doom. On T:1058 you advanced to experience level 3. On T:1141 you reached level 1 of The Gnomish Mines. On T:1245 you reached level 4 of The Dungeons of Doom. On T:1896 you reached level 5 of The Dungeons of Doom. On T:2105 you advanced to experience level 4. On T:2601 you reached level 8 of The Dungeons of Doom. On T:2720 you reached level 7 of The Dungeons of Doom. On T:2857 you advanced to experience level 5. On T:3028 you reached level 4 of Sokoban. On T:3330 you advanced to experience level 6. On T:3438 you reached level 3 of Sokoban. On T:4429 you reached level 2 of Sokoban. On T:4908 you advanced to experience level 7. On T:5180 you reached level 6 of The Dungeons of Doom. On T:5503 you received Magicbane from Thoth. Score breakdown: Gold: 867 ( 9995 points) Experience: 7 levels (13645 points) Exploration: 8 levels ( 17.39%) (11832 points) Discoveries: 18 items ( 6.25%) ( 7500 points) Valuables value: (no points given unless you survive) Artifact value: 3500 (12056 points) Variety of kills: 58 monsters ( 15.22%) (11705 points) Turncount: 8574 turns (-2151 points) Survival: died (score multiplied by 80%) Total score: 51665 Latest messages: O - a Mordor orc corpse. You can barely move a handspan with this load! There is an altar to Thoth (neutral) here. You see here a knife. The Mordor orc wields a curved sword! (2x) The rothe hits! The rothe bites! (2x) Your sacrifice is consumed in a burst of flame! You have a feeling of inadequacy. Your movements are only slowed slightly by your load. The rothe hits! The rothe bites! (2x) The Mordor orc swings her curved sword. The Mordor orc hits! You are now wearing a ring of invisibility. Gee! All of a sudden, you can't see yourself. The rothe just misses! The rothe bites! (2x) The Mordor orc swings her curved sword. The Mordor orc hits! You die... Final status: Goodbye wizbiz the Wizard, killed by a Mordor orc... You died in The Dungeons of Doom on dungeon level 4 with 51665 points, and 867 pieces of gold, after 8574 moves. You were level 7 with a maximum of 58 hit points when you died.